 Dungeon Crawl Stone Soup version 0.20.1-1-g8b1a95d (webtiles) character file.

2774 LLlMATKO the Cleaver (level 9, -14/82 HPs)
             Began as a Minotaur Berserker on Dec 20, 2017.
             Was an Elder of Trog.
             Demolished by AGinkyLinky's ghost (16 damage)
             ... in a bailey.
             The game lasted 00:17:48 (6776 turns).

LLlMATKO the Cleaver (Minotaur Berserker)           Turns: 6776, Time: 00:17:49

Health: -14/82     AC:  6    Str: 22    XL:     9   Next: 42%
Magic:  8/8        EV: 16    Int:  4    God:    Trog [****..]
Gold:   211        SH:  0    Dex: 13    Spells: 8/8 levels left

rFire    . . .     SeeInvis .   B - +0 war axe
rCold    + . .     Gourm    .   (no shield)
rNeg     . . .     Faith    .   A - +2 leather armour {rC+}
rPois    +         Spirit   .   (helmet restricted)
rElec    .         Reflect  .   (no cloak)
rCorr    .         Harm     .   r - +0 pair of gloves
MR       +....                  (no boots)
Stlth    +.........             (no amulet)
Regen    0.3/turn               j - ring of poison resistance
MPRegen  0.2/turn               t - ring of protection from magic

@: berserk cooldown, slowed, very slow
A: retaliatory headbutt, horns 2
a: Berserk, Trog's Hand, Brothers in Arms, Burn Spellbooks, Renounce Religion


You were in a bailey.
You worshipped Trog.
Trog was greatly pleased with you.
You were hungry.

You visited 2 branches of the dungeon, and saw 8 of its levels.
You also visited: Sewer and Bailey.

You collected 261 gold pieces.
You spent 50 gold pieces at shops.

Inventory:

Hand Weapons
 a - a +1 hand axe
 B - a +0 war axe (weapon)
Armour
 p - a +0 plate armour
 r - a +0 pair of gloves (worn)
 A - a +2 leather armour of cold resistance (worn)
Jewellery
 j - a ring of poison resistance (left hand)
 t - a ring of protection from magic (right hand)
Wands
 x - a wand of flame (18/48)
 y - a wand of lightning (15/15)
 C - a wand of flame (21/48)
Scrolls
 b - 3 scrolls of enchant weapon
 g - 6 scrolls of identify
 h - 5 scrolls of teleportation
 l - 4 scrolls of remove curse
Potions
 d - a potion of agility {unknown}
 e - a potion of resistance {unknown}
 f - 2 potions of curing {unknown}
 k - 3 potions of mutation
 o - a potion of degeneration {unknown}
 q - a potion of lignification {unknown}
 u - a potion of haste {unknown}
 v - 3 potions of heal wounds
 z - a potion of might {unknown}
Books
 w - a book of Air

   Spells                             Type                      Level
   a - Shock                          Conjuration/Air              1
   b - Swiftness                      Charms/Air                   2
   c - Static Discharge               Conjuration/Air              3
   d - Airstrike                      Air                          4
   e - Lightning Bolt                 Conjuration/Air              5
   Trog disapproves of the use of such an item.
Comestibles
 c - 5 bread rations
 m - 4 meat rations
 n - 2 royal jellies


   Skills:
 + Level 8.4 Fighting
 * Level 11.5 Axes
 - Level 2.4 Armour
 + Level 7.4 Dodging


You had 8 spell levels left.
You didn't know any spells.

Dungeon Overview and Level Annotations

Branches:
Dungeon (7/15)             Temple (1/1) D:4

Altars:
Fedhas
Makhleb
Ru

Shops:
D:4 !   D:5 *

Annotations:
Bailey AGinkyLinky's ghost, novice MiBe


Innate Abilities, Weirdness & Mutations

You reflexively headbutt those who attack you in melee.
You have a pair of horns on your head.


Message History

You slash AGinkyLinky's ghost!
AGinkyLinky's ghost is moderately damaged.
AGinkyLinky's ghost hits you!
* * * LOW HITPOINT WARNING * * *
AGinkyLinky's ghost barely misses you.
You hit AGinkyLinky's ghost but do no damage.
You headbutt AGinkyLinky's ghost.
AGinkyLinky's ghost is moderately damaged.
AGinkyLinky's ghost hits you but does no damage.
You hit AGinkyLinky's ghost.
AGinkyLinky's ghost is moderately damaged.
AGinkyLinky's ghost hits you!
* * * LOW HITPOINT WARNING * * *
AGinkyLinky's ghost hits you!
* * * LOW HITPOINT WARNING * * *
You hit AGinkyLinky's ghost but do no damage.
You headbutt AGinkyLinky's ghost.
AGinkyLinky's ghost is moderately damaged.
AGinkyLinky's ghost hits you!
You die...

▓▓▓▓▓
▓.∩.▓
▓..(▓
▓(∩@▓
##W##
.≈K≈
##≈.≈#
.≈.≈K
##≈.≈##
.≈.≈.
#≈.≈#


You could see AGinkyLinky's ghost and a kobold.

Vanquished Creatures
  The ghost of letownia2 the Reanimator, a novice DDNe of Gozag (Bailey)
  A hippogriff (D:7)
  Sigmund (D:6)
  The ghost of digijack the Skirmisher, an amateur MiWn (D:3)
  The ghost of Tiamon the Conjurer, an amateur DECj (D:4)
  2 ice beasts (D:6)
  2 sky beasts (D:6)
  An ogre (D:4)
  2 centaurs
  A bullfrog (D:6)
  A scorpion (D:5)
  A killer bee (D:6)
  A howler monkey (D:6)
  A crimson imp (D:5)
  5 hounds
  A bullfrog skeleton (D:4)
  A jelly (D:6)
  An orc wizard (D:6)
  2 iguanas (D:6)
  Ijyb (D:5)
  5 worker ants
  A howler monkey zombie (D:3)
  Robin (D:2)
  12 adders
  6 river rats
  A shadow imp (D:6)
  4 oozes
  An adder zombie (D:5)
  An adder skeleton (D:6)
  3 worms
  4 leopard geckos
  15 orcs
  5 ball pythons
  9 giant cockroaches
  21 goblins
  7 hobgoblins
  6 jackals (D:2)
  4 quokkas
  11 bats
  6 frilled lizards
  15 kobolds
  A leopard gecko skeleton (D:4)
  9 rats
176 creatures vanquished.

Notes
Turn   | Place    | Note
-------+----------+-------------------------------------------
     0 | D:1      | LLlMATKO the Minotaur Berserker began the quest for the Orb.
     0 | D:1      | Reached XP level 1. HP: 19/19 MP: 0/0
     2 | D:1      | Noticed a gargoyle
     2 | D:1      | Noticed a merfolk
     4 | D:1      | Noticed a human
     8 | D:1      | Noticed a felid
     8 | D:1      | Noticed a tengu
    11 | D:1      | Noticed a ghoul
    11 | D:1      | Noticed a spriggan
    13 | D:1      | Noticed an elf
    13 | D:1      | Noticed a troll
    15 | D:1      | Noticed a draconian
    15 | D:1      | Noticed a minotaur
    17 | D:1      | Noticed a demigod
    17 | D:1      | Noticed a naga
    19 | D:1      | Noticed a dwarf
    21 | D:1      | Noticed a formicid
    21 | D:1      | Noticed a vampire
    23 | D:1      | Noticed a demonspawn
    23 | D:1      | Noticed a halfling
    25 | D:1      | Noticed a centaur
    25 | D:1      | Noticed an octopode
    27 | D:1      | Noticed a vine stalker
    27 | D:1      | Noticed an ogre
   178 | D:1      | Reached skill level 4 in Axes
   183 | D:1      | Reached XP level 2. HP: 27/27 MP: 1/1
   497 | D:1      | Reached XP level 3. HP: 32/33 MP: 2/2
   722 | D:2      | Reached ** piety under Trog
   771 | D:2      | Noticed Robin
   817 | D:2      | Reached skill level 5 in Axes
   823 | D:2      | Killed Robin
   823 | D:2      | Reached XP level 4. HP: 40/40 MP: 3/3
  1864 | D:3      | Reached *** piety under Trog
  1939 | D:3      | Noticed digijack's ghost (amateur MiWn)
  1954 | D:3      | Killed digijack's ghost
  1954 | D:3      | Reached skill level 6 in Axes
  1954 | D:3      | Reached XP level 5. HP: 47/47 MP: 4/4
  1954 | D:3      | Reached XP level 6. HP: 53/53 MP: 5/5
  2501 | D:4      | Found a blossoming altar of Fedhas.
  2507 | D:4      | Reached skill level 5 in Fighting
  2532 | D:4      | Noticed Tiamon's ghost (amateur DECj)
  2540 | D:4      | Reached skill level 7 in Axes
  2541 | D:4      | Killed Tiamon's ghost
  2541 | D:4      | Reached XP level 7. HP: 61/61 MP: 6/6
  2649 | D:4      | Found a glowing drain.
  2675 | Sewer    | Entered a sewer
  3330 | Sewer    | Reached **** piety under Trog
  3868 | D:4      | Found Paprael's Distillery.
  3876 | D:4      | Bought a potion of heal wounds for 50 gold pieces
  3907 | D:4      | Reached skill level 8 in Axes
  4038 | D:4      | Found a staircase to the Ecumenical Temple.
  4184 | Temple   | Entered the Ecumenical Temple
  4251 | D:4      | Reached skill level 5 in Dodging
  4259 | D:5      | Entered Level 5 of the Dungeon
  4400 | D:5      | Found a sacrificial altar of Ru.
  4635 | D:5      | Found Yfotadd's Assorted Antiques.
  4800 | D:5      | Noticed Ijyb
  4802 | D:5      | Found a burning altar of Makhleb.
  4810 | D:5      | Reached XP level 8. HP: 46/71 MP: 7/7
  4826 | D:5      | Killed Ijyb
  4826 | D:5      | Reached skill level 9 in Axes
  5644 | D:6      | Reached skill level 10 in Axes
  5917 | D:6      | Noticed Sigmund
  5928 | D:6      | Killed Sigmund
  6437 | D:7      | Noticed a hippogriff
  6445 | D:7      | Killed a hippogriff
  6445 | D:7      | Reached XP level 9. HP: 55/80 MP: 8/8
  6505 | D:7      | Found a flagged portal.
  6559 | Bailey   | Entered a bailey
  6744 | Bailey   | Noticed letownia2's ghost (novice DDNe)
  6755 | Bailey   | Killed letownia2's ghost
  6755 | Bailey   | Reached skill level 11 in Axes
  6769 | Bailey   | Noticed AGinkyLinky's ghost (novice MiBe)
  6775 | Bailey   | HP: 2/82 [AGinkyLinky's ghost (16)]
  6776 | Bailey   | Demolished by AGinkyLinky's ghost

Skill      XL: |  1  2  3  4  5  6  7  8  9 |
---------------+----------------------------+-----
Axes           | 4 5 6 7 8 10 11 | 11.5
Fighting       | 4 5 6 7 8 |  8.4
Dodging        | 3 4 5 6 7 |  7.4
Armour         | |  2.4

Action                   |  1- 3 |  4- 6 |  7- 9 || total
-------------------------+-------+-------+-------++-------
Melee: Hand axe          |    74 |   104 |   197 ||   375
       Headbutt          |    10 |     8 |    63 ||    81
       War axe           |       |       |    91 ||    91
Invok: Berserk           |     1 |     2 |     3 ||     6
  Use: Scroll            |       |       |     8 ||     8
 Stab: Distracted        |       |       |     2 ||     2
  Eat: Chunk             |       |     7 |    17 ||    24
Armor: Leather armour    |    22 |    19 |    16 ||    57
       Plate armour      |       |    22 |    77 ||    99
Dodge: Dodged            |    60 |    37 |   133 ||   230
